AoeStats
← WING123456

African Clearing

510511912Analyzed
4v4 RM · 12h ago on Oct 1, 2026· 50m 48s· 8 players
Game mode
Random Map
Map size
Large (8 player)
Population
200
Speed
Normal
Resources
Standard
Victory
Conquest
Starting age
Dark Age
Ending age
Imperial Age
RankedLock teamsTeams togetherTeam positionsShared explorationLock speedFull tech treeHidden civsTurbo modeCheats
Victory
Defeat
🇰🇼 Turks · Kuwait
1401
+10
🇧🇷 Bohemians · Brazil
1249
+16
🇨🇳 Aztecs · China
1204
+18
🇨🇳 Berbers · China
1181
+20
🇹🇼 Franks · Taiwan
1302
-18
🇸🇪 Bengalis · Sweden
1284
-17
🇹🇷 Celts · Türkiye
1250
-16
🇩🇪 Tatars · Germany
1185
-13
ikaros
7:03 Loom
13:32 Feudal Age
16:49 Double-Bit Axe
23:49 Castle Age
22:51 Horse Collar
23:04 Fletching
39:23 Wheelbarrow
Sawyer
14:16 Feudal Age
18:26 Castle Age
16:53 Double-Bit Axe
18:10 Horse Collar
18:56 Gold Mining
26:39 Loom
26:18 Pikeman
29:18 Man-at-Arms
31:40 Gambesons
31:36 Long Swordsman
33:26 Scale Mail Armor
35:45 Wheelbarrow
35:23 Forging
35:29 Chain Mail Armor
36:44 Bow Saw
40:47 Imperial Age
38:04 Town Watch
39:36 Iron Casting
40:08 Chain Mail Armor
40:47 Arson
42:08 Gold Shaft Mining
41:25 Two-Handed Swordsman
42:51 Hand Cart
42:45 Capped Ram
43:55 Heavy Plow
45:26 Fletching
45:36 Padded Archer Armor
45:31 Crossbowman
46:07 Champion
46:51 Bodkin Arrow
47:11 Leather Archer Armor
Eule mit Keule
15:11 Feudal Age
18:48 Castle Age
16:38 Double-Bit Axe
18:05 Horse Collar
22:39 Pikeman
25:30 Husbandry
30:37 Bloodlines
31:30 Scale Barding Armor
37:04 Imperial Age
35:15 Bow Saw
35:00 Gold Mining
37:05 Elite Steppe Lancer
38:11 Forging
39:56 Conscription
42:01 Iron Casting
48:54 Silk Armor
naski
4:32 Loom
15:19 Feudal Age
15:46 Double-Bit Axe
17:19 Wheelbarrow
16:27 Fishing Lines
17:00 Stone Mining
24:20 Scale Mail Armor
27:54 Castle Age
25:58 Gold Mining
29:25 Bow Saw
31:36 Scale Barding Armor
31:42 Forging
32:13 Hand Cart
32:21 Hand Cart
32:48 Gillnets
36:58 Imperial Age
35:26 Chain Barding Armor
35:57 Fletching
36:49 Husbandry
37:32 Bodkin Arrow
37:41 Cavalier
39:53 Conscription
47:55 Plate Barding Armor
47:09 Treadmill Crane
noob
6:21 Loom
18:11 Feudal Age
26:06 Double-Bit Axe
26:54 Horse Collar
40:29 Castle Age
50:08 Imperial Age
48:15 Wheelbarrow
47:25 Town Watch
WING123456
3:34 Loom
13:32 Feudal Age
14:53 Double-Bit Axe
22:29 Castle Age
21:34 Fletching
21:49 Stone Mining
21:52 Gold Mining
23:01 Padded Archer Armor
23:54 Bodkin Arrow
27:35 Bow Saw
33:48 Horse Collar
37:55 Imperial Age
37:30 Leather Archer Armor
37:36 Bloodlines
37:27 Husbandry
37:43 Husbandry
39:47 Wheelbarrow
39:41 Ballistics
43:17 Conscription
42:27 Light Cavalry
43:10 Bracer
43:21 Forging
43:19 Scale Barding Armor
48:08 Maghrebi Camels
49:35 Chemistry
49:22 Elite Camel Archer
51:01 Ring Archer Armor
alktam
10:43 Loom
11:44 Loom
13:30 Feudal Age
15:10 Double-Bit Axe
17:31 Castle Age
16:06 Horse Collar
24:57 Heavy Plow
25:13 Bow Saw
27:15 Wheelbarrow
27:24 Stone Mining
27:25 Gold Mining
29:13 Padded Archer Armor
30:20 Gold Shaft Mining
30:00 Hand Cart
30:23 Leather Archer Armor
34:06 Imperial Age
32:21 Town Watch
35:19 Ring Archer Armor
35:13 Conscription
35:42 Fletching
36:25 Bodkin Arrow
39:57 Bracer
42:55 Artillery
43:48 Ballistics
43:38 Masonry
43:48 Ballistics
43:38 Masonry
48:20 Elite Janissary
_xy_2252
3:11 Loom
14:25 Feudal Age
15:50 Wheelbarrow
15:20 Double-Bit Axe
15:40 Town Watch
16:59 Gold Mining
19:12 Castle Age
20:55 Gold Shaft Mining
20:20 Eagle Warrior
21:19 Arson
22:40 Squires
23:52 Horse Collar
28:18 Gambesons
32:31 Forging
32:59 Scale Mail Armor
34:58 Hand Cart
39:18 Imperial Age
38:17 Iron Casting
37:59 Chain Mail Armor
38:53 Bow Saw
39:23 Elite Eagle Warrior
39:29 Elite Eagle Warrior
40:40 Plate Mail Armor
41:11 Blast Furnace
41:28 Garland Wars
41:12 Man-at-Arms
41:33 Elite Jaguar Warrior
42:44 Conscription
42:15 Long Swordsman
43:46 Two-Handed Swordsman
45:15 Champion
45:17 Pikeman
46:00 Padded Archer Armor
45:50 Fletching
45:45 Treadmill Crane
47:06 Chemistry
47:17 Capped Ram
Connection lost

Rejoining the realm…

Still unreachable

The connection could not be restored.

Session expired

The server has moved on; the page needs a fresh start.